TOP OF THE 1ST |
Detroit (APP) Tigers batting - Pitching for Oakland (APP) Athletics : LHP Vincent Whittick
|
Pitching: LHP Vincent Whittick
|
|
Batting: RHB Seth Fox
|
0-0: Ball 1-0: Ball 2-0: Ball 3-0: Called Strike 3-1: Called Strike 3-2: Base on Balls
|
Batting: RHB Kevin Steed
|
0-0: Fly out, F7 (Flyball, 78S, EV 95.6 MPH)
|
Batting: RHB Ernst Meloche
|
0-0: Foul Ball, location: 2F 0-1: Ball 1-1: Ball 2-1: Fielders Choice at 2nd, 6-4 (Groundball, 6, EV 81.2 MPH)
|
Batting: RHB Norm Wood
|
0-0: Foul Ball, location: 2F 0-1: Ball 1-1: Called Strike 1-2: Ball 2-2: SINGLE (Line Drive, 8RS, EV 91.2 MPH) Ernst Meloche to second Runner from 2nd tries for 3rd, SAFE, no throw by CF
|
Batting: RHB Nate Dabney
|
0-0: Ball 1-0: Ball 2-0: Foul Ball, location: 2F 2-1: Ball 3-1: SINGLE (Line Drive, 34D, EV 94.4 MPH) Ernst Meloche scores Norm Wood to second Runner from 2nd tries for 3rd, OUT! 9-5
|
Top of the 1st over - 1 run, 2 hits, 0 errors, 1 left on base; Detroit (APP) 1 - Oakland (APP) 0 |
BOTTOM OF THE 1ST |
Oakland (APP) Athletics batting - Pitching for Detroit (APP) Tigers : RHP Bror Wuopio
|
Pitching: RHP Bror Wuopio
|
|
Batting: RHB Scott Lister
|
0-0: Called Strike 0-1: Ball 1-1: Ball 2-1: Foul Ball, location: 2F 2-2: Foul Ball, location: 2F 2-2: Foul Ball, location: 2F 2-2: Ground out 2-3 (Groundball, 2R, EV 73.1 MPH)
|
Batting: RHB Gabe Secundino
|
0-0: Ball 1-0: Ball 2-0: Fly out, F7 (Line Drive, 7D, EV 90.0 MPH)
|
Batting: LHB Alejandro Muniz
|
0-0: Ball 1-0: Called Strike 1-1: Called Strike 1-2: Ball 2-2: Foul Ball, location: 2F 2-2: Ball 3-2: Ground out 4-3 (Groundball, 4, EV 86.2 MPH)
|
Bottom of the 1st over - 0 runs, 0 hits, 0 errors, 0 left on base; Detroit (APP) 1 - Oakland (APP) 0 |
TOP OF THE 2ND |
Detroit (APP) Tigers batting - Pitching for Oakland (APP) Athletics : LHP Vincent Whittick
|
Batting: LHB Glen Boyle
|
0-0: SINGLE (Line Drive, 89M, EV 105.0 MPH)
|
Batting: LHB Isao Fukui
|
0-0: Called Strike 0-1: Ball 1-1: Ball 2-1: Called Strike 2-2: Ball 3-2: Base on Balls Glen Boyle to second
|
Batting: RHB Yasutaka Yamasaki
|
0-0: Ball 1-0: Foul Ball, location: 2F 1-1: Ball Wild Pitch! Glen Boyle to third Isao Fukui to second 2-1: Called Strike 2-2: 3-RUN HOME RUN (Flyball, 7D, EV 100.0 MPH), Distance : 388 ft
|
Batting: SHB Salvador Lacosta
|
0-0: Ball 1-0: Called Strike 1-1: Ball 2-1: Foul Ball, location: 2F 2-2: Ball 3-2: Foul Ball, location: 2F 3-2: Base on Balls
|
Batting: RHB Seth Fox
|
0-0: Called Strike 0-1: Ball 1-1: Foul Ball, location: 2F 1-2: Ball Wild Pitch! Salvador Lacosta to second 2-2: Ball 3-2: Base on Balls
|
Batting: RHB Kevin Steed
|
0-0: Fielders Choice at 2nd, 4-6 (Groundball, 4, EV 107.5 MPH) Salvador Lacosta to third
|
Batting: RHB Ernst Meloche
|
0-0: Foul Ball, location: 2F 0-1: Ball 1-1: Called Strike 1-2: Strikes out swinging
|
Batting: RHB Norm Wood
|
0-0: Fly out, F9 (Flyball, 89S, EV 87.5 MPH)
|
Top of the 2nd over - 3 runs, 2 hits, 0 errors, 2 left on base; Detroit (APP) 4 - Oakland (APP) 0 |
BOTTOM OF THE 2ND |
Oakland (APP) Athletics batting - Pitching for Detroit (APP) Tigers : RHP Bror Wuopio
|
Batting: LHB Roscoe Romaine
|
0-0: Foul Ball, location: 2F 0-1: Foul Ball, location: 2F 0-2: Ball 1-2: Ball 2-2: Strikes out swinging, 2-3 out at first.
|
Batting: RHB Rafael Alarcon
|
0-0: Foul Ball, location: 2F 0-1: Called Strike 0-2: Foul Ball, location: 2F 0-2: Ball 1-2: Ball 2-2: Ball 3-2: Base on Balls
|
Batting: RHB Rusty Prodoehl
|
0-0: SINGLE (Groundball, 34D, EV 103.1 MPH) Rafael Alarcon to second Runner from 2nd tries for 3rd, SAFE, throw by RF made to third
|
Batting: RHB Ricardo Claros
|
0-0: Called Strike 0-1: Ball 1-1: Ball 2-1: Foul Ball, location: 2F 2-2: Foul Ball, location: 2F 2-2: Strikes out swinging
|
Batting: RHB Phoctor Dill
|
0-0: Fly out, F8 (Flyball, 8LXD, EV 93.8 MPH)
|
Bottom of the 2nd over - 0 runs, 1 hit, 0 errors, 2 left on base; Detroit (APP) 4 - Oakland (APP) 0 |
TOP OF THE 3RD |
Detroit (APP) Tigers batting - Pitching for Oakland (APP) Athletics : LHP Vincent Whittick
|
Batting: RHB Nate Dabney
|
0-0: Ball 1-0: Called Strike 1-1: Ball 2-1: Ball 3-1: Reached on error, E6 (Groundball, 6S, EV 76.9 MPH)
|
Batting: LHB Glen Boyle
|
0-0: Ball 1-0: Ball 2-0: Foul Ball, location: 2F 2-1: SINGLE (Line Drive, 8LS, EV 108.8 MPH) Nate Dabney to second
|
Batting: LHB Isao Fukui
|
0-0: Ball 1-0: Ball 2-0: Called Strike 2-1: Ball 3-1: Base on Balls Nate Dabney to third Glen Boyle to second
|
Batting: RHB Yasutaka Yamasaki
|
0-0: Foul Ball, location: 2F 0-1: Called Strike 0-2: Strikes out swinging
|
Batting: SHB Salvador Lacosta
|
0-0: Fielders Choice at 2nd, 4-6 (Groundball, 4, EV 97.5 MPH) Nate Dabney scores Glen Boyle to third
|
Batting: RHB Seth Fox
|
0-0: Ball 1-0: Ball 2-0: SINGLE (Groundball, 6M, EV 86.9 MPH) (infield hit) Glen Boyle scores Salvador Lacosta to second
|
Batting: RHB Kevin Steed
|
0-0: Ball 1-0: Fly out, F7 (Flyball, 7, EV 86.9 MPH)
|
Top of the 3rd over - 2 runs, 2 hits, 1 error, 2 left on base; Detroit (APP) 6 - Oakland (APP) 0 |
BOTTOM OF THE 3RD |
Oakland (APP) Athletics batting - Pitching for Detroit (APP) Tigers : RHP Bror Wuopio
|
Batting: LHB Bill Helmer
|
0-0: Ball 1-0: Fly out, F9 (Line Drive, 9S, EV 102.5 MPH)
|
Batting: RHB Scott Lister
|
0-0: Called Strike 0-1: Called Strike 0-2: Foul Ball, location: 2F 0-2: Ball 1-2: Foul Ball, location: 2F 1-2: Ball 2-2: Strikes out swinging
|
Batting: RHB Gabe Secundino
|
0-0: Called Strike 0-1: Ball 1-1: Foul Ball, location: 2F 1-2: Strikes out swinging
|
Bottom of the 3rd over - 0 runs, 0 hits, 0 errors, 0 left on base; Detroit (APP) 6 - Oakland (APP) 0 |
TOP OF THE 4TH |
Detroit (APP) Tigers batting - Pitching for Oakland (APP) Athletics : LHP Vincent Whittick
|
Pitching: LHP Noah Young
|
|
Batting: RHB Ernst Meloche
|
0-0: Called Strike 0-1: Called Strike 0-2: Strikes out looking
|
Batting: RHB Norm Wood
|
0-0: Called Strike 0-1: Ball 1-1: Swinging Strike 1-2: Strikes out swinging
|
Batting: RHB Nate Dabney
|
0-0: Called Strike 0-1: Swinging Strike 0-2: Ball 1-2: Ball 2-2: Ball 3-2: Strikes out swinging
|
Top of the 4th over - 0 runs, 0 hits, 0 errors, 0 left on base; Detroit (APP) 6 - Oakland (APP) 0 |
BOTTOM OF THE 4TH |
Oakland (APP) Athletics batting - Pitching for Detroit (APP) Tigers : RHP Bror Wuopio
|
Batting: LHB Alejandro Muniz
|
0-0: Foul Ball, location: 2F 0-1: Swinging Strike 0-2: Ground out 4-3 (Groundball, 4, EV 88.1 MPH)
|
Batting: LHB Roscoe Romaine
|
0-0: Called Strike 0-1: Swinging Strike 0-2: Strikes out swinging, 2-3 out at first.
|
Batting: RHB Rafael Alarcon
|
0-0: Ball 1-0: Ball 2-0: Ball 3-0: Called Strike 3-1: Swinging Strike 3-2: Strikes out looking
|
Bottom of the 4th over - 0 runs, 0 hits, 0 errors, 0 left on base; Detroit (APP) 6 - Oakland (APP) 0 |
TOP OF THE 5TH |
Detroit (APP) Tigers batting - Pitching for Oakland (APP) Athletics : LHP Noah Young
|
Batting: LHB Glen Boyle
|
0-0: Foul Ball, location: 2F 0-1: Ball 1-1: Foul Ball, location: 2F 1-2: Ball 2-2: Fly out, F8 (Flyball, 89S, EV 90.0 MPH)
|
Batting: LHB Isao Fukui
|
0-0: Ball 1-0: Foul Ball, location: 2F 1-1: Ball 2-1: Foul Ball, location: 2F 2-2: Ground out 3-1 (Groundball, 34, EV 86.2 MPH)
|
Batting: RHB Yasutaka Yamasaki
|
0-0: Foul Ball, location: 2F 0-1: Foul Ball, location: 2F 0-2: Hit by Pitch
|
Batting: SHB Salvador Lacosta
|
0-0: SINGLE (Line Drive, 8LS, EV 105.0 MPH) Yasutaka Yamasaki to second
|
Batting: RHB Seth Fox
|
0-0: Swinging Strike 0-1: Called Strike 0-2: Strikes out swinging
|
Top of the 5th over - 0 runs, 1 hit, 0 errors, 2 left on base; Detroit (APP) 6 - Oakland (APP) 0 |
BOTTOM OF THE 5TH |
Oakland (APP) Athletics batting - Pitching for Detroit (APP) Tigers : RHP Bror Wuopio
|
Batting: RHB Rusty Prodoehl
|
0-0: Ball 1-0: Called Strike 1-1: Foul Ball, location: 2F 1-2: Ball 2-2: Foul Ball, location: 2F 2-2: Ball 3-2: DOUBLE (Line Drive, 89M, EV 92.5 MPH)
|
Batting: RHB Ricardo Claros
|
0-0: Ball 1-0: Swinging Strike 1-1: Called Strike 1-2: Reached on error, E6 (Groundball, 6, EV 79.4 MPH) Rusty Prodoehl to third
|
Batting: RHB Phoctor Dill
|
0-0: Ball 1-0: Ball Wild Pitch! Rusty Prodoehl scores Ricardo Claros to second 2-0: Ground out 4-3 (Groundball, 4, EV 82.5 MPH) Ricardo Claros to third
|
Batting: LHB Bill Helmer
|
0-0: Called Strike 0-1: Called Strike 0-2: Foul Ball, location: 2F 0-2: Ball 1-2: Ball 2-2: Ball 3-2: Ground out 1-3 (Groundball, 13S, EV 70.0 MPH)
|
Batting: RHB Scott Lister
|
0-0: Ball 1-0: Ball 2-0: Called Strike 2-1: Ball Passed Ball! Ricardo Claros scores 3-1: Called Strike 3-2: Foul Ball, location: 2F 3-2: Base on Balls
|
Batting: RHB Gabe Secundino
|
0-0: Hit by Pitch Scott Lister to second
|
Batting: LHB Alejandro Muniz
|
0-0: Swinging Strike 0-1: Ball 1-1: 3-RUN HOME RUN (Line Drive, 89XD, EV 104.4 MPH), Distance : 402 ft
|
Pitching: RHP Matt Haberle
|
|
Batting: LHB Roscoe Romaine
|
0-0: Called Strike 0-1: Called Strike 0-2: Ball 1-2: Ball 2-2: Strikes out swinging
|
Bottom of the 5th over - 5 runs, 2 hits, 1 error, 0 left on base; Detroit (APP) 6 - Oakland (APP) 5 |
TOP OF THE 6TH |
Detroit (APP) Tigers batting - Pitching for Oakland (APP) Athletics : LHP Noah Young
|
Batting: RHB Kevin Steed
|
0-0: Foul Ball, location: 2F 0-1: Ball 1-1: Ball 2-1: Ground out 4-3 (Groundball, 4, EV 80.0 MPH)
|
Batting: RHB Ernst Meloche
|
0-0: Ball 1-0: Ball 2-0: Foul Ball, location: 2F 2-1: Ball 3-1: Base on Balls
|
Batting: RHB Norm Wood
|
0-0: 2-RUN HOME RUN (Flyball, 7LD, EV 93.1 MPH), Distance : 352 ft
|
Batting: RHB Nate Dabney
|
0-0: SOLO HOME RUN (Flyball, 9D, EV 91.9 MPH), Distance : 352 ft
|
Pitching: RHP Emanuel Andrade
|
|
Batting: LHB Glen Boyle
|
0-0: Foul Ball, location: 2F 0-1: Foul Ball, location: 2F 0-2: Strikes out swinging
|
Batting: LHB Isao Fukui
|
0-0: Ball 1-0: Called Strike 1-1: Called Strike 1-2: Strikes out looking
|
Top of the 6th over - 3 runs, 2 hits, 0 errors, 0 left on base; Detroit (APP) 9 - Oakland (APP) 5 |
BOTTOM OF THE 6TH |
Oakland (APP) Athletics batting - Pitching for Detroit (APP) Tigers : RHP Matt Haberle
|
Batting: RHB Rafael Alarcon
|
0-0: Ball 1-0: Ground out 6-3 (Groundball, 6S, EV 78.8 MPH)
|
Batting: RHB Rusty Prodoehl
|
0-0: Ground out 4-3 (Groundball, 4, EV 85.6 MPH)
|
Batting: RHB Ricardo Claros
|
0-0: Called Strike 0-1: Swinging Strike 0-2: Ball 1-2: Strikes out looking
|
Bottom of the 6th over - 0 runs, 0 hits, 0 errors, 0 left on base; Detroit (APP) 9 - Oakland (APP) 5 |
TOP OF THE 7TH |
Detroit (APP) Tigers batting - Pitching for Oakland (APP) Athletics : RHP Emanuel Andrade
|
Batting: RHB Yasutaka Yamasaki
|
0-0: Called Strike 0-1: Called Strike 0-2: Strikes out looking
|
Batting: SHB Salvador Lacosta
|
0-0: Ball 1-0: Called Strike 1-1: Ball 2-1: Ball 3-1: Foul Ball, location: 2F 3-2: Strikes out swinging
|
Batting: RHB Seth Fox
|
0-0: Foul Ball, location: 2F 0-1: Ball 1-1: Called Strike 1-2: Strikes out swinging
|
Top of the 7th over - 0 runs, 0 hits, 0 errors, 0 left on base; Detroit (APP) 9 - Oakland (APP) 5 |
BOTTOM OF THE 7TH |
Oakland (APP) Athletics batting - Pitching for Detroit (APP) Tigers : RHP Matt Haberle
|
Batting: RHB Phoctor Dill
|
0-0: Ball 1-0: Ball 2-0: Ball 3-0: Foul Ball, location: 2F 3-1: Base on Balls
|
Batting: LHB Bill Helmer
|
0-0: Ball 1-0: Ball Phoctor Dill is caught stealing 2nd base 2-6 2-0: Foul Ball, location: 2F 2-1: Ground out 1-3 (Groundball, 34S, EV 73.8 MPH)
|
Batting: RHB Scott Lister
|
0-0: DOUBLE (Line Drive, 3D, EV 98.8 MPH)
|
Batting: RHB Gabe Secundino
|
0-0: Called Strike 0-1: Foul Ball, location: 2F 0-2: Hit by Pitch
|
Batting: LHB Alejandro Muniz
|
0-0: Ball 1-0: Ball 2-0: Called Strike 2-1: Ball 3-1: Ground out 1-3 (Groundball, 15S, EV 64.4 MPH)
|
Bottom of the 7th over - 0 runs, 1 hit, 0 errors, 2 left on base; Detroit (APP) 9 - Oakland (APP) 5 |
TOP OF THE 8TH |
Detroit (APP) Tigers batting - Pitching for Oakland (APP) Athletics : RHP Emanuel Andrade
|
Batting: RHB Kevin Steed
|
0-0: Swinging Strike 0-1: Swinging Strike 0-2: Strikes out swinging
|
Batting: RHB Ernst Meloche
|
0-0: Ball 1-0: Called Strike 1-1: SINGLE (Groundball, 6MD, EV 94.4 MPH)
|
Batting: RHB Norm Wood
|
0-0: Called Strike 0-1: Ball 1-1: Ball 2-1: Fly out, F9 (Flyball, 9S, EV 85.6 MPH)
|
Batting: RHB Nate Dabney
|
0-0: Ball 1-0: DOUBLE (Line Drive, 89D, EV 112.5 MPH) Ernst Meloche to third
|
Batting: LHB Glen Boyle
|
0-0: Called Strike 0-1: Ball 1-1: Ball 2-1: Swinging Strike 2-2: Foul Ball, location: 2F 2-2: Strikes out swinging
|
Top of the 8th over - 0 runs, 2 hits, 0 errors, 2 left on base; Detroit (APP) 9 - Oakland (APP) 5 |
BOTTOM OF THE 8TH |
Oakland (APP) Athletics batting - Pitching for Detroit (APP) Tigers : RHP Matt Haberle
|
Batting: LHB Roscoe Romaine
|
0-0: Ball 1-0: Ball 2-0: Ball 3-0: Called Strike 3-1: Base on Balls
|
Pitching: RHP Alex Amparo
|
|
Batting: RHB Rafael Alarcon
|
0-0: Called Strike 0-1: Grounds into double play, 6-4-3 (Groundball, 6S, EV 79.4 MPH)
|
Batting: RHB Rusty Prodoehl
|
0-0: Called Strike 0-1: SINGLE (Groundball, 6S, EV 65.0 MPH) (infield hit)
|
Batting: RHB Ricardo Claros
|
0-0: Foul Ball, location: 2F 0-1: Foul Ball, location: 2F 0-2: Ball 1-2: Foul Ball, location: 2F 1-2: Foul Ball, location: 2F 1-2: Strikes out swinging
|
Bottom of the 8th over - 0 runs, 1 hit, 0 errors, 1 left on base; Detroit (APP) 9 - Oakland (APP) 5 |
TOP OF THE 9TH |
Detroit (APP) Tigers batting - Pitching for Oakland (APP) Athletics : RHP Emanuel Andrade
|
Pitching: RHP Kian-tat Guao
|
|
Batting: LHB Isao Fukui
|
0-0: Called Strike 0-1: Ball 1-1: Called Strike 1-2: Ball 2-2: Strikes out looking
|
Batting: RHB Yasutaka Yamasaki
|
0-0: Ball 1-0: Called Strike 1-1: Foul Ball, location: 2F 1-2: Strikes out looking
|
Batting: SHB Salvador Lacosta
|
0-0: Called Strike 0-1: Called Strike 0-2: Ball 1-2: Strikes out swinging
|
Top of the 9th over - 0 runs, 0 hits, 0 errors, 0 left on base; Detroit (APP) 9 - Oakland (APP) 5 |
BOTTOM OF THE 9TH |
Oakland (APP) Athletics batting - Pitching for Detroit (APP) Tigers : RHP Alex Amparo
|
Batting: RHB Phoctor Dill
|
0-0: Ball 1-0: Ball 2-0: Ball 3-0: Base on Balls
|
Pinch Hitting: LHB Felipe Gomez
|
0-0: Ball 1-0: Ball 2-0: Called Strike 2-1: Foul Ball, location: 2F 2-2: Foul Ball, location: 2F 2-2: Foul Ball, location: 2F 2-2: Strikes out swinging
|
Batting: RHB Scott Lister
|
0-0: Ball 1-0: Foul Ball, location: 2F 1-1: Swinging Strike 1-2: Ball 2-2: Ball 3-2: Foul Ball, location: 2F 3-2: Strikes out swinging
|
Batting: RHB Gabe Secundino
|
0-0: Called Strike 0-1: Fly out, F8 (Flyball, 8RM, EV 83.1 MPH)
|
Bottom of the 9th over - 0 runs, 0 hits, 0 errors, 1 left on base; Detroit (APP) 9 - Oakland (APP) 5 |
|